 Dungeon Crawl Stone Soup version 0.20-a0-1058-g0491fde (webtiles) character file.

14 Gorglomux the Chopper (level 2, 26/26 HPs)
             Began as a Hill Orc Chaos Knight on Apr 26, 2017.
             Quit the game on level 1 of the Dungeon.
             The game lasted 00:01:57 (488 turns).

Gorglomux the Chopper (Hill Orc Chaos Knight)        Turns: 488, Time: 00:01:58

Health: 26/26      AC:  5    Str: 14    XL:     2   Next: 41%
Magic:  2/2        EV: 11    Int: 12    God:    Xom [..*...]
Gold:   10         SH:  0    Dex: 10    Spells: 1/1 levels left

rFire    . . .     SeeInvis .   l - -2 hunting sling (curse)
rCold    . . .     Gourm    .   (no shield)
rNeg     . . .     Faith    .   b - +2 leather armour
rPois    .         Spirit   .   (no helmet)
rElec    .         Reflect  .   (no cloak)
rCorr    .         Harm     .   (no gloves)
MR       .....                  (no boots)
Stlth    +.........             (no amulet)
Regen    0.1/turn               (no ring)
MPRegen  0.1/turn               (no ring)

@: no status effects
A: no striking features
a: Renounce Religion


You were on level 1 of the Dungeon.
You worshipped Xom.
You were a toy of Xom.
You were not hungry.

You visited 1 branch of the dungeon, and saw 1 of its levels.

You collected 10 gold pieces.

Inventory:

Hand Weapons
 a - a +0 hand axe of chaos
 l - a cursed -2 hunting sling (weapon)
   (Xom gifted it to you on level 1 of the Dungeon)
Armour
 b - a +2 leather armour (worn)
Scrolls
 d - a scroll of amnesia {unknown}
 e - a scroll of random uselessness {unknown}
 f - a scroll of remove curse {unknown}
 g - 2 scrolls of identify {unknown}
Potions
 h - a potion of brilliance {unknown}
 i - a potion of mutation {unknown}
 j - a potion of agility {unknown}
Comestibles
 c - a bread ration {@e1@e1}
 k - a chunk of flesh {@w0@w0}


   Skills:
 - Level 3.6 Fighting
 + Level 5.0 Axes
 - Level 2.1 Armour
 - Level 0.7 Dodging


You had one spell level left.
You didn't know any spells.

Dungeon Overview and Level Annotations

Branches:
Dungeon (1/15)

Altars:


Message History

The rat barely misses you.
You closely miss the rat. The rat closely misses you.
You barely miss the rat. The rat bites you but does no damage.
You hit the rat. You burn the rat.
You kill the rat!
No target in view!
No target in view!
i - a fizzy red potion You see here 25 stones.
You see here a rat skeleton.
A frilled lizard comes into view.
The frilled lizard hisses angrily.
A frilled lizard is nearby!
Health restored: 19 A frilled lizard is nearby!
A goblin comes into view.
The goblin shouts!
You slash the frilled lizard!
You kill the frilled lizard!
You see here a frilled lizard corpse.
You barely miss the goblin. The goblin closely misses you.
You closely miss the goblin. The goblin barely misses you.
You hit the goblin. You burn the goblin.
You kill the goblin!
You have reached level 2!
Health restored: 26; MP restored: 2
j - a brown potion A goblin comes into view.
The goblin shouts!
A goblin is nearby!
A goblin is nearby!
You see here 31 stones.
The goblin barely misses you.
You closely miss the goblin. The goblin hits you.
You take 3 damage, and have 23/26 hp.
You closely miss the goblin. The goblin barely misses you.
You barely miss the goblin. The goblin hits you but does no damage.
You hit the goblin. You freeze the goblin.
You kill the goblin!
No target in view!
No target in view!
No target in view!
A bat comes into view.
A bat is nearby!
A bat is nearby!
The bat hits you but does no damage. x2
You closely miss the bat. The bat closely misses you.
The bat barely misses you. The bat barely misses you.
No target in view!
No target in view!
The bat hits you but does no damage. The bat hits you.
You take 1 damage, and have 23/26 hp.
The bat closely misses you. The bat hits you but does no damage.
The bat hits you but does no damage. The bat closely misses you.
The bat hits you but does no damage.
You hit the bat.
You kill the bat!
No target in view!
No target in view!
You see here a bat corpse.
You butcher the bat corpse.
k - a chunk of flesh {@w0@w0} An ooze comes into view.
The ooze quivers.
You see here a frilled lizard corpse.
The ooze hits you but does no damage.
You hit the ooze. Lightning courses through the ooze!
You kill the ooze!
Your Axes skill increases to level 5!
No target in view!
No target in view!
No target in view!
No target in view!
No target in view!
No target in view!
No target in view!
No target in view!
No target in view!
No target in view!
No target in view!
You see here a robe.
You see here a robe.
Xom grants you a gift! Something appears at your feet!
You see here a hunting sling {god gift}.
Health restored: 26
l - a hunting sling {god gift} A goblin comes into view.
The goblin shouts!
A goblin is nearby!
A goblin is nearby!
A goblin is nearby!
Wield which item (- for none, * to show all)? (? for menu, Esc to quit)
It sticks to your hand!
Xom is amused.
l - a cursed -2 hunting sling (weapon)

#.# #.
#.##.# # #.
#.##.# .
#.##g#.#
#.##.#.# #
#.##.#.#.###
#.##........
#.##.....#
#.##@....#
#........#
####.....#
#......#
#####..# ..#
.# #


You could see a goblin.

Vanquished Creatures
  An ooze (D:1)
  A giant cockroach (D:1)
  2 goblins (D:1)
  A kobold (D:1)
  2 bats (D:1)
  A frilled lizard (D:1)
  2 rats (D:1)
10 creatures vanquished.

Notes
Turn   | Place    | Note
-------+----------+-------------------------------------------
     0 | D:1      | Gorglomux the Hill Orc Chaos Knight began the quest for the Orb.
     0 | D:1      | Reached XP level 1. HP: 19/19 MP: 1/1
    74 | D:1      | XOM: divination: detect items
   335 | D:1      | Reached XP level 2. HP: 26/26 MP: 2/2
   387 | D:1      | Reached skill level 5 in Axes
   437 | D:1      | XOM: god gift: hunting sling {god gift}
   488 | D:1      | Quit the game

Vault maps used:
D:1:      dpeg_arrival_signposts

Skill      XL: |  1  2 |
---------------+-------+-----
Axes           | 5 |  5.0
Fighting       | |  3.6
Armour         | |  2.1
Dodging        | |  0.7

Action                   || total
-------------------------++-------
Melee: Hand axe          ||    21
Armor: Leather armour    ||    11
Dodge: Dodged            ||    15

Vault maps used:
D:1:      dpeg_arrival_signposts

Table legend:
 A = Turns spent in this place as a percentage of turns spent in the entire game.
 B = Non-inter-level travel turns spent in this place as a percentage of non-inter-level travel turns spent in the entire game.
 C = Inter-level travel turns spent in this place as a percentage of turns spent in this place.
 D = Turns resting spent in this place as a percentage of non-inter-level travel turns spent in this place.
 E = Turns spent auto-exploring this place as a percentage of non-inter-level travel turns spent in this place.
 F = Non-inter-level travel turns spent in this place divided by the number of levels of this place that you've seen.
                   A       B       C       D       E      F
               +-------+-------+-------+-------+-------+----------------------
         Total | 100.0 | 100.0 |   0.0 |   0.0 |  17.6 | 119.0
       Dungeon | 100.0 | 100.0 |   0.0 |   0.0 |  17.6 | 119.0
               +-------+-------+-------+-------+-------+----------------------

Table legend:
 A = Kills in this place as a percentage of kills in entire the game.
 B = Kills by you in this place as a percentage of kills by you in the entire game.
 C = Kills by friends in this place as a percentage of kills by friends in the entire game.
 D = Other kills in this place as a percentage of other kills in the entire game.
 E = Experience gained in this place as a percentage of experience gained in the entire game.
 F = Experience gained in this place divided by the number of levels of this place that you have seen.
                   A       B       C       D       E      F
               +-------+-------+-------+-------+-------+----------------------
         Total | 100.0 | 100.0 |  -nan |  -nan | 100.0 |  20.0
       Dungeon | 100.0 | 100.0 |  -nan |  -nan | 100.0 |  20.0
               +-------+-------+-------+-------+-------+----------------------
